AoeStats
← Comend x comend

Arabia

506768889Analyzed
3v3 RM · 18d ago on Sep 15, 2026· 51m 19s· 6 players
Game mode
Random Map
Map size
Normal (6 player)
Population
200
Speed
Normal
Resources
Standard
Victory
Conquest
Starting age
Dark Age
Ending age
Imperial Age
RankedLock teamsTeams togetherTeam positionsShared explorationLock speedFull tech treeHidden civsTurbo modeCheats
Victory
Defeat
🇲🇽 Cumans · Mexico
1401
+14
🇲🇽 Vietnamese · Mexico
1365
+15
🇺🇸 Persians · United States
1352
+15
🇨🇱 Ethiopians · Chile
1386
-17
🇵🇪 Burmese · Peru
1358
-15
🇦🇺 Mongols · Australia
1289
-12
Comend x comend
2:43 Loom
6:46 Loom
9:08 Feudal Age
12:42 Bloodlines
13:58 Horse Collar
19:57 Wheelbarrow
22:34 Castle Age
24:16 Gold Mining
26:02 Gold Shaft Mining
25:42 Heavy Plow
26:53 Hand Cart
28:54 Husbandry
34:29 Imperial Age
31:59 Town Watch
35:42 Manipur Cavalry
36:36 Elite Battle Elephant
37:38 Forging
37:33 Scale Barding Armor
37:38 Forging
37:33 Scale Barding Armor
39:11 Howdah
42:00 Chain Barding Armor
45:08 Light Cavalry
47:05 Iron Casting
46:54 Cavalier
46:59 Hussar
Nicolaaast1_
8:07 Loom
10:04 Feudal Age
10:26 Man-at-Arms
11:49 Double-Bit Axe
11:44 Horse Collar
16:50 Fletching
26:02 Castle Age
24:48 Padded Archer Armor
24:42 Gold Mining
25:26 Horse Collar
26:05 Crossbowman
26:40 Bodkin Arrow
26:56 Bow Saw
27:23 Forging
28:55 Ballistics
39:23 Imperial Age
38:35 Town Watch
40:44 Arbalester
42:45 Bracer
lethe711
6:41 Loom
9:34 Feudal Age
10:54 Double-Bit Axe
16:06 Fletching
17:51 Gold Mining
19:01 Horse Collar
24:44 Castle Age
24:01 Padded Archer Armor
24:47 Elite Skirmisher
24:50 Crossbowman
25:27 Bodkin Arrow
26:15 Bow Saw
27:34 Leather Archer Armor
30:44 Town Watch
31:11 Thumb Ring
33:15 Gold Shaft Mining
32:42 Heavy Plow
34:04 Ballistics
37:54 Imperial Age
38:03 Arbalester
40:03 Chemistry
39:48 Wheelbarrow
39:50 Scale Mail Armor
41:11 Bracer
41:15 Capped Ram
44:52 Squires
44:13 Pikeman
45:11 Elite Skirmisher
46:08 Chain Mail Armor
46:48 Conscription
50:20 Plate Mail Armor
49:13 Man-at-Arms
50:19 Siege Ram
MZTK | MrAnGeL_
5:52 Loom
8:34 Feudal Age
16:14 Scale Barding Armor
18:14 Forging
24:27 Castle Age
22:47 Gold Mining
24:55 Bloodlines
24:57 Husbandry
25:02 Light Cavalry
27:48 Double-Bit Axe
27:45 Horse Collar
28:57 Bow Saw
32:04 Iron Casting
46:11 Imperial Age
45:49 Cavalier
47:52 Town Watch
49:47 Blast Furnace
50:31 Chain Barding Armor
50:01 Savar
MZTK | HUMANOID
2:55 Loom
10:10 Feudal Age
11:57 Double-Bit Axe
15:10 Horse Collar
27:42 Castle Age
25:54 Scale Barding Armor
27:13 Bloodlines
27:15 Forging
29:07 Chain Barding Armor
29:33 Wheelbarrow
39:14 Imperial Age
37:33 Capped Ram
38:17 Gold Mining
38:38 Bow Saw
38:29 Heavy Plow
39:36 Cavalier
41:47 Plate Barding Armor
43:35 Iron Casting
42:48 Town Watch
43:19 Hand Cart
42:56 Paladin
44:26 Pikeman
45:08 Scale Mail Armor
45:21 Halberdier
46:46 Chain Mail Armor
48:02 Blast Furnace
MZTK | Dragneel
1:36 Loom
9:22 Feudal Age
16:09 Fletching
24:22 Castle Age
22:21 Double-Bit Axe
22:21 Horse Collar
24:50 Padded Archer Armor
24:30 Crossbowman
25:39 Thumb Ring
26:33 Bodkin Arrow
28:23 Bow Saw
30:16 Leather Archer Armor
34:29 Elite Skirmisher
41:44 Imperial Age
41:21 Treadmill Crane
43:29 Chemistry
42:31 Bracer
43:36 Pikeman
44:17 Squires
44:08 Halberdier
48:09 Wheelbarrow
47:52 Scale Mail Armor
48:03 Forging
48:02 Arson
49:14 Chain Mail Armor
Connection lost

Rejoining the realm…

Still unreachable

The connection could not be restored.

Session expired

The server has moved on; the page needs a fresh start.